 Dungeon Crawl Stone Soup version 0.22-a0-750-ga7dcef7 (webtiles) character file.

75567 Gildeon the Peltast (level 15, -4/121 HPs)
             Began as a Minotaur Fighter on July 15, 2018.
             Was the Champion of Trog.
             Killed from afar by Nikola (19 damage)
             ... with a chain lightning
             ... on level 1 of the Shoals.
             The game lasted 01:32:40 (19612 turns).

Gildeon the Peltast (Minotaur Fighter)             Turns: 19612, Time: 01:32:41

Health: -4/121     AC: 29    Str: 24    XL:     15   Next: 10%
Magic:  21/21      EV: 12    Int:  3    God:    Trog [******]
Gold:   993        SH: 14    Dex: 13    Spells: 14/14 levels left

rFire    + + .     SeeInvis .   u - +1 eveningstar (protect)
rCold    . . .     Gourm    .   c - +0 shield
rNeg     . . .     Faith    .   z - +4 plate armour
rPois    +         Spirit   .   O - +1 hat
rElec    .         Reflect  .   p - +2 cloak
rCorr    .         Harm     .   n - +0 pair of gloves
MR       ++...     Clarity  +   m - +2 pair of boots
Stlth    ..........             h - amulet of regeneration
HPRegen  0.70/turn              B - ring of protection from magic
MPRegen  0.17/turn              o - ring of poison resistance

@: studying Dodging
A: retaliatory headbutt, horns 2, clarity, dopey 1, fire resistance 2, frail 1,
wild magic 1
a: Berserk, Trog's Hand, Brothers in Arms, Renounce Religion


You were on level 1 of the Shoals.
You worshipped Trog.
Trog was exalted by your worship.
You were not hungry.

You visited 5 branches of the dungeon, and saw 22 of its levels.

You collected 2159 gold pieces.
You spent 1166 gold pieces at shops.

Inventory:

Hand Weapons
 a - a +5 flail
 i - a +2 mace of holy wrath
 u - a +1 eveningstar of protection (weapon)
 P - a +1 mace of draining
Armour
 c - a +0 shield (worn)
 m - a +2 pair of boots (worn)
 n - a +0 pair of gloves (worn)
 p - a +2 cloak (worn)
 z - a +4 plate armour (worn)
 J - a scarf of cloud immunity
 O - a +1 hat (worn)
Jewellery
 d - an uncursed ring of flight
 h - an amulet of regeneration (around neck)
 o - a ring of poison resistance (right hand)
 B - a ring of protection from magic (left hand)
Wands
 g - a wand of digging (24)
 t - a wand of disintegration (14)
 x - a wand of clouds (5)
 y - a wand of random effects (44)
 D - a wand of scattershot (4)
 H - a wand of acid (22)
 I - a wand of iceblast (8)
 M - a wand of flame (6)
 N - a wand of enslavement (19)
Scrolls
 j - a scroll of identify
 k - 3 scrolls of fog
 q - 4 scrolls of blinking
 r - 7 scrolls of remove curse
 s - 7 scrolls of teleportation
 w - a scroll of fear
 G - a scroll of holy word
 R - a scroll of magic mapping
Potions
 b - 2 potions of invisibility
 e - a potion of cancellation
 l - 3 potions of flight
 v - 3 potions of mutation
 A - 5 potions of curing
 C - a potion of berserk rage
 E - 2 potions of heal wounds
 F - 3 potions of haste
 L - a potion of might
 S - a potion of lignification
Books
 K - a manual of Dodging
Comestibles
 f - 36 rations
 Q - 13 chunks of flesh


   Skills:
 + Level 13.1 Fighting
 - Level 15.0 Maces & Flails
 + Level 12.7 Armour
 - Level 10.0 Dodging
 - Level 15.0 Shields
 + Level 9.9 Evocations


You had 14 spell levels left.
You didn't know any spells.
Your spell library was empty.

Dungeon Overview and Level Annotations

Branches:
Dungeon (12/15)            Temple (1/1) D:7            Lair (6/6) D:10
 Shoals (1/4) Lair:3       Spider (0/4) Lair:4        Slime (0/5) Lair:5
    Orc (2/2) D:10            Elf (0/3) Orc:2

Altars:
Ashenzari
Cheibriados
Dithmenos
Elyvilon
Fedhas
Gozag
Hepliaklqana
Kikubaaqudgha
Makhleb
Nemelex Xobeh
Okawaru
Qazlal
Ru
Sif Muna
Trog
Uskayaw
Vehumet
Wu Jian
Xom
Yredelemnul
Zin
The Shining One
Beogh
Jiyva

Shops:
Orc:1 }%*   Orc:2 }}?(

Annotations:
Lair:2 3 runed doors, Ixotuera's ghost, journeyman MiFi
Shoals:1 Nikola


Innate Abilities, Weirdness & Mutations

You reflexively headbutt those who attack you in melee.
You have a pair of horns on your head.
You possess an exceptional clarity of mind.
You are dopey. (Int -2)
Your flesh is very heat resistant. (rF++)
You are frail. (-10% HP)
Your spells are a little harder to cast, but a little more powerful.


Message History

The merfolk resists with significant effort.
The merfolk throws a throwing net.
The throwing net barely misses you.
A merfolk is nearby!
Unknown command.
A merfolk is nearby!
Evoke which item? (* to show all) (? for menu, Esc to quit)
Aiming: Enslavement
Press: ? - help, Shift-Dir - straight line, f/p - merfolk
Aim: a merfolk, wielding a trident (chance to defeat MR: 55%)
The merfolk resists with significant effort.
Nikola gestures wildly while chanting.
Nikola blinks!
You block the merfolk's attack.
A merfolk siren comes into view. It is wielding a trident.
Nikola mumbles some strange words.
You hear a mighty clap of thunder!
The lightning arc hits the merfolk.
The lightning arc hits you!
* * * LOW HITPOINT WARNING * * *
The lightning arc hits the merfolk.
The lightning arc hits you!
You die...

≈≈≈≈...**#.....,,≈,,,,,,,,≈≈,,...
≈≈≈....###....,..≈≈≈,*,,,,,,,**..
≈≈≈≈.≈≈≈..≈≈.#*#..?,**,,,,,,****.
≈,≈≈≈≈≈≈..≈..###..#***,,,,*** ##
≈≈≈≈≈≈≈@≈....#....# **,,,** #.
≈≈≈≈≈≈≈≈....#*....#**,,,.###* *#
≈≈≈≈≈≈.(...##*,...##,,,,....##* #
≈≈≈≈≈≈%.m...#**#...#,,,,,.....###
≈≈≈≈≈≈......## #@.#**,,,,,**#....
≈≈≈≈≈≈≈≈≈≈...###..###....** #....
≈≈≈≈≈≈≈≈............≈≈...## #....
≈≈≈≈≈≈≈.......m...(.≈≈≈≈..###...(
≈≈≈≈≈≈≈..##.....≈≈≈≈≈≈≈≈≈.....<..
≈≈≈≈≈≈≈≈###.....≈≈≈.≈≈≈.≈≈≈..(.##
≈≈≈≈≈≈≈≈≈...≈≈≈@≈≈≈≈≈≈..≈≈≈≈≈..##
≈≈≈≈≈≈≈≈≈≈≈≈≈≈≈≈≈≈≈≈≈≈....≈≈.....
≈≈≈≈≈≈≈≈.≈≈≈≈≈≈≈≈.≈≈≈....)≈≈...##


You could see Nikola and a merfolk.

Vanquished Creatures
  2 orc warlords
  A stone giant (Orc:2)
  An ettin (Orc:1)
  3 catoblepae (Lair:6)
  8 hydras
  3 ogre magi (Orc:2)
  Erica (D:9)
  3 two-headed ogres
  A merfolk aquamancer (Shoals:1)
  Urug (Lair:2)
  5 death yaks (Lair:6)
  An orc high priest (Orc:1)
  Nergalle (Orc:2)
  A sea snake (Shoals:1)
  An unseen horror (D:11)
  5 harpies (Shoals:1)
  2 orc knights
  3 cyclopes
  An oklob plant (D:8)
  2 deep elf magi (Orc:1)
  8 orc sorcerers
  3 manticores
  8 fauns
  7 elephants
  2 merfolk sirens
  Joseph (D:7)
  2 black mambas
  4 komodo dragons
  6 spiny frogs
  A rime drake (Lair:5)
  A merfolk (Shoals:1)
  6 trolls
  Prince Ribbit (D:6)
  A wind drake (Shoals:1)
  4 dream sheep (Shoals:1)
  17 blink frogs
  8 hippogriffs
  5 water elementals (Shoals:1)
  A redback (Lair:4)
  49 yaks
  Eustachio (D:5)
  2 wyverns
  3 basilisks
  Menkaure (D:7)
  6 wargs
  An acid dragon (D:11)
  13 water moccasins
  Duvessa (D:7)
  A swamp drake (Orc:1)
  11 porcupines
  21 orc warriors
  2 black bears (D:10)
  2 necrophages
  3 sky beasts
  A phantom (D:10)
  An ice beast (D:10)
  14 ogres
  52 wolves
  3 centaurs
  9 crocodiles
  2 big kobolds (D:7)
  14 bullfrogs
  Dowan (D:7)
  6 scorpions
  11 killer bees
  2 electric eels
  4 howler monkeys
  5 wights
  5 bullfrog zombies
  5 crimson imps
  3 hounds
  7 jellies
  A bullfrog skeleton (D:8)
  13 orc priests
  A gnoll shaman (D:10)
  An iron imp (Orc:1)
  An iguana (D:5)
  Natasha (D:4)
  33 orc wizards
  15 worker ants
  4 hound zombies
  3 hound skeletons
  A worker ant zombie (D:6)
  7 gnolls
  5 adders
  4 shadow imps
  A white imp (Orc:1)
  7 oozes
  An adder zombie (D:8)
  An adder skeleton (D:8)
  3 worms (D:2)
  4 dart slugs
  7 leopard geckos
  97 orcs
  7 giant cockroaches
  6 hobgoblins
  11 jackals
  19 kobolds
  8 quokkas
  A ball python (D:1)
  4 bats
  6 frilled lizards
  6 goblins
  2 leopard gecko skeletons (D:7)
  8 rats
  A fungus (D:10)
  3 plants
687 creatures vanquished.

Vanquished Creatures (others)
  2 orc wizards
  A giant cockroach (D:5)
  19 fungi
  9 plants
31 creatures vanquished.

Grand Total: 718 creatures vanquished

Notes
Turn   | Place    | Note
-------+----------+-------------------------------------------
     0 | D:1      | Gildeon the Minotaur Fighter began the quest for the Orb.
     0 | D:1      | Reached XP level 1. HP: 19/19 MP: 0/0
    57 | D:1      | Reached XP level 2. HP: 27/27 MP: 1/1
   691 | D:2      | Reached XP level 3. HP: 30/33 MP: 2/2
   693 | D:2      | Reached skill level 1 in Dodging
   928 | D:2      | Found a bloodstained altar of Trog.
   939 | D:2      | Became a worshipper of Trog the Wrathful
  1006 | D:2      | Reached XP level 4. HP: 40/40 MP: 3/3
  1734 | D:3      | Reached * piety under Trog
  1825 | D:3      | Reached XP level 5. HP: 47/47 MP: 4/4
  2359 | D:4      | Noticed an ogre
  2384 | D:4      | Killed an ogre
  2390 | D:4      | Reached skill level 5 in Maces & Flails
  2390 | D:4      | Reached XP level 6. HP: 11/55 MP: 5/5
  2664 | D:4      | Noticed a hippogriff
  2678 | D:4      | Killed a hippogriff
  2678 | D:4      | Reached skill level 5 in Fighting
  2678 | D:4      | Reached skill level 5 in Armour
  2716 | D:4      | Gained mutation: Your body sometimes deteriorates upon taking damage. [potion of mutation]
  2716 | D:4      | Gained mutation: Your mind is acute. (Int +2) [potion of mutation]
  2717 | D:4      | Lost mutation: Your mind is acute. (Int +2) [potion of mutation]
  2717 | D:4      | Lost mutation: Your body sometimes deteriorates upon taking damage. [potion of mutation]
  2717 | D:4      | Gained mutation: You possess an exceptional clarity of mind. [potion of mutation]
  2717 | D:4      | Gained mutation: Your spells are a little harder to cast, but a little more powerful. [potion of mutation]
  2717 | D:4      | Gained mutation: Your flesh is heat resistant. (rF+) [potion of mutation]
  2717 | D:4      | Gained mutation: Your flesh is very heat resistant. (rF++) [potion of mutation]
  2794 | D:4      | Reached skill level 5 in Shields
  2797 | D:4      | Reached XP level 7. HP: 60/61 MP: 6/6
  2823 | D:4      | Noticed Natasha
  2833 | D:4      | Killed Natasha
  3058 | D:5      | Entered Level 5 of the Dungeon
  3058 | D:5      | Noticed Eustachio
  3072 | D:5      | Killed Eustachio
  3148 | D:5      | Reached ** piety under Trog
  3158 | D:5      | Reached XP level 8. HP: 36/68 MP: 7/7
  3309 | D:5      | Reached skill level 1 in Evocations
  3804 | D:5      | Reached skill level 5 in Dodging
  3809 | D:5      | Found a stormy altar of Qazlal.
  4045 | D:6      | Found a white marble altar of Elyvilon.
  4045 | D:6      | Found a blossoming altar of Fedhas.
  4164 | D:6      | Noticed Prince Ribbit
  4395 | D:6      | Reached XP level 9. HP: 40/74 MP: 10/10
  4462 | D:6      | Killed Prince Ribbit
  4486 | D:6      | Found an opulent altar of Gozag.
  4690 | D:6      | Reached skill level 10 in Maces & Flails
  4740 | D:6      | HP: 3/74 [electric eel/bolt of electricity (8)]
  4783 | D:6      | Reached *** piety under Trog
  5249 | D:7      | Found a staircase to the Ecumenical Temple.
  5269 | Temple   | Entered the Ecumenical Temple
  5519 | D:7      | Noticed Menkaure
  5531 | D:7      | Killed Menkaure
  5537 | D:7      | Noticed Duvessa
  5538 | D:7      | Noticed Dowan
  5549 | D:7      | Killed Duvessa
  5558 | D:7      | Killed Dowan
  5911 | D:7      | Noticed Joseph
  5925 | D:7      | Killed Joseph
  6047 | D:7      | Reached XP level 10. HP: 81/81 MP: 12/12
  6575 | D:8      | Reached **** piety under Trog
  6641 | D:8      | Found a glowing golden altar of the Shining One.
  6642 | D:8      | Noticed an oklob plant
  6743 | D:8      | Reached skill level 5 in Evocations
  7502 | D:8      | Killed an oklob plant
  7579 | D:9      | Noticed a two-headed ogre
  7612 | D:9      | Killed a two-headed ogre
  7614 | D:9      | HP: 9/186 [orc warrior/flail (6)]
  7619 | D:9      | HP: 9/186 [poisoned by an orc]
  7962 | D:9      | Found a radiant altar of Vehumet.
  8038 | D:9      | Reached skill level 10 in Shields
  8102 | D:9      | Found a shattered altar of Ashenzari.
  8256 | D:9      | Reached ***** piety under Trog
  8275 | D:9      | Noticed a two-headed ogre
  8285 | D:9      | Killed a two-headed ogre
  8318 | D:9      | Noticed Erica
  8337 | D:9      | Killed Erica
  8337 | D:9      | Reached XP level 11. HP: 92/92 MP: 13/13
  8458 | D:9      | You fall through a shaft for 3 floors!
  8472 | D:11     | Noticed a four-headed hydra
  8480 | D:11     | Killed a four-headed hydra
  8632 | D:11     | Killed an unseen horror
  8668 | D:10     | Entered Level 10 of the Dungeon
  8993 | D:10     | Noticed a two-headed ogre
  9006 | D:10     | Killed a two-headed ogre
  9050 | D:10     | Received a gift from Trog
  9078 | D:10     | Found a staircase to the Lair.
  9239 | D:10     | Found a staircase to the Orcish Mines.
  9258 | D:10     | Found a roughly hewn altar of Beogh.
  9800 | Lair:1   | Entered Level 1 of the Lair of Beasts
 10233 | Lair:1   | Reached XP level 12. HP: 84/105 MP: 14/14
 10991 | Lair:2   | Noticed Urug
 11008 | Lair:2   | Killed Urug
 11076 | Lair:2   | Reached skill level 10 in Fighting
 11081 | Lair:2   | Received a gift from Trog
 11127 | Lair:2   | Found a runed gate.
 11128 | Lair:2   | Found a runed gate.
 11129 | Lair:2   | Found a runed gate.
 11150 | Lair:2   | Noticed Ixotuera's ghost (journeyman MiFi)
 11152 | Lair:2   | Noticed a 12-headed hydra
 12295 | Lair:3   | Found a staircase to the Shoals.
 12519 | Lair:4   | Found a hole to the Spider Nest.
 12555 | Lair:4   | Noticed a seven-headed hydra
 12572 | Lair:4   | Killed a seven-headed hydra
 12575 | Lair:4   | Reached XP level 13. HP: 108/113 MP: 15/15
 12623 | Lair:4   | Received a gift from Trog
 12688 | Lair:4   | Reached skill level 15 in Shields
 12710 | Lair:4   | Reached skill level 10 in Armour
 13774 | Lair:5   | Found a staircase to the Slime Pits.
 13774 | Lair:5   | Found a viscous altar of Jiyva.
 14073 | Lair:6   | Entered Level 6 of the Lair of Beasts
 14116 | Lair:6   | Reached skill level 15 in Maces & Flails
 14880 | Lair:6   | Reached skill level 10 in Dodging
 15013 | Lair:6   | Reached XP level 14. HP: 76/122 MP: 18/18
 15226 | Lair:6   | Identified a scroll of acquirement
 15478 | Lair:6   | Reached ****** piety under Trog
 15872 | Orc:1    | Entered Level 1 of the Orcish Mines
 16023 | Orc:1    | Noticed an orc warlord
 16063 | D:10     | Killed an orc warlord
 16264 | Orc:1    | Found Mumpum's Assorted Antiques.
 16276 | Orc:1    | Bought a potion of might for 100 gold pieces
 16276 | Orc:1    | Bought a potion of haste for 250 gold pieces
 16484 | Orc:1    | Found Wousait's Gadget Shop.
 16698 | Orc:1    | Bought a wand of disintegration (5) for 153 gold pieces
 16698 | Orc:1    | Bought a wand of acid (10) for 476 gold pieces
 16740 | Orc:1    | Received a gift from Trog
 16795 | Orc:1    | Found Ceimo's Food Shop.
 17085 | Orc:2    | Entered Level 2 of the Orcish Mines
 17085 | Orc:2    | Found a staircase to the Elven Halls.
 17117 | Orc:2    | Noticed an orc warlord
 17142 | Orc:1    | Killed an orc warlord
 17710 | Orc:2    | Noticed a stone giant
 17727 | Orc:2    | Killed a stone giant
 18003 | Orc:2    | Paralysed by an orc sorcerer for 2 turns
 18155 | Orc:2    | Found a radiant altar of Vehumet.
 18160 | Orc:2    | Gained mutation: You are frail. (-10% HP) [a neqoxec]
 18161 | Orc:2    | Gained mutation: You are dopey. (Int -2) [a neqoxec]
 18168 | Orc:2    | Received a gift from Trog
 18187 | Orc:2    | Found Vaiggado's Antique Weapon Shoppe.
 18409 | Orc:2    | Noticed Nergalle
 18440 | Orc:2    | Killed Nergalle
 18534 | Orc:2    | Found an ancient bone altar of Kikubaaqudgha.
 18655 | Orc:2    | Found a roughly hewn altar of Beogh.
 18655 | Orc:2    | Found Gubu's Magic Scroll Shoppe.
 18655 | Orc:2    | Found Toikh's Gadget Emporium.
 18665 | Orc:2    | Found Goseshafue's Gadget Emporium.
 18691 | Orc:2    | Bought a scroll of enchant weapon for 97 gold pieces
 18691 | Orc:2    | Bought a scroll of magic mapping for 45 gold pieces
 18691 | Orc:2    | Bought a scroll of magic mapping for 45 gold pieces
 19124 | Shoals:1 | Entered Level 1 of the Shoals
 19415 | Shoals:1 | Reached XP level 15. HP: 96/120 MP: 21/21
 19592 | Shoals:1 | Noticed Nikola
 19612 | Shoals:1 | Killed from afar by Nikola

Vault maps used:
D:1:      onia_arrival_mini_spirals
D:2:      trog_book
D:4:      uniq_natasha
D:5:      first_ration, grunt_qazlal_clouds, uniq_eustachio
D:6:      nicolae_whirlpool, kennysheep_mini_moat,
          gammafunk_temple_overflow_elements, serial_bayou_ford_a,
          kennysheep_doodads, grunt_ministairs_8, uniq_prince_ribbit1
D:7:      minmay_temple_entry_mist, kennysheep_generic_room_8, uniq_menkaure,
          uniq_duvessa, uniq_joseph
D:8:      hangedman_little_slice_of_home, lemuel_oklob_altar
D:9:      lemuel_coloured_pillars_altar, vehumet_altar_wand_db, uniq_erica
D:10:     due_lair_maze_entry_diamond, minmay_orc_entry_temple_small
D:11:     uniq_snorg
D:12:     grunt_gozag_breadcrumbs
Temple:   dpeg_five_rooms_temple
Lair:1:   minivault_26, beast_lair_carwin_1
Lair:2:   gammafunk_ghost_hydra_chop, grunt_megastairs_3, uniq_urug
Lair:3:   minmay_shoals_entry_lonely_mermaid, grunt_forest_large_clearings
Lair:4:   spider_nest_entry_a, infiniplex_staircase_pool_2, lemuel_fruit_tree
Lair:5:   statuecave_lemuel, slime_altar_1
Lair:6:   evilmike_catoblepas_cave, lemuel_fruit_fields, serial_bayou_shore_b,
          grunt_megastairs_1, infiniplex_staircase_pool, serial_bayou_shore_b
Shoals:1: uniq_nikola
Orc:1:    serial_shops, nicolae_shop_waterfront, shop_fountains,
          nicolae_shop_window_shopping, hangedman_minor_magic
Orc:2:    kennysheep_orc_mage_school, lemuel_statue_altar

Skill      XL: |  1  2  3  4  5  6  7  8  9 10 11 12 13 14 15 |
---------------+----------------------------------------------+-----
Maces & Flails | 3 4 5 7 9 11 13 14 15 | 15.0
Armour         | 4 5 7 9 10 12 | 12.7
Dodging        | 1 2 3 4 5 7 10 | 10.0
Shields        | 4 5 6 7 8 10 12 14 15 | 15.0
Fighting       | 4 5 7 9 10 12 13 | 13.1
Evocations     | 2 4 5 7 9 |  9.9

Action                   |  1- 3 |  4- 6 |  7- 9 | 10-12 | 13-15 || total
-------------------------+-------+-------+-------+-------+-------++-------
Melee: Flail             |    94 |   125 |   371 |   870 |   485 ||  1945
       Headbutt          |    11 |    13 |    57 |   183 |   241 ||   505
       Mace              |       |       |       |    11 |       ||    11
       Eveningstar       |       |       |       |       |   598 ||   598
Invok: Berserk           |       |       |     1 |     1 |       ||     2
Evoke: Wand              |       |       |     2 |    25 |    26 ||    53
  Use: Scroll            |     9 |     7 |     9 |    17 |     7 ||    49
       Potion            |       |     3 |     5 |     7 |     3 ||    18
 Stab: Petrified         |       |       |       |       |     3 ||     3
  Eat: Chunk             |       |     6 |     9 |    18 |    15 ||    48
       Ration            |       |       |     1 |     2 |     2 ||     5
Armor: Scale mail        |    38 |    54 |    81 |       |       ||   173
       Plate armour      |       |       |    17 |   445 |   514 ||   976
       Chain mail        |       |       |     8 |       |       ||     8
       Skin              |       |       |       |     5 |     5 ||    10
Dodge: Dodged            |    25 |    39 |   141 |   245 |   420 ||   870
Block: Shield            |    49 |    76 |   182 |   550 |   785 ||  1642

Table legend:
 A = Spawn XP
 B = Non-spawn XP
 C = Spawn XP percentage of total XP
 D = Spawn monster count
 E = Non-spawn monster count
 F = Spawn count percentage of total count
 G = Total turns spent on level
                    A         B        C        D         E        F      G
               +---------+---------+-------+---------+---------+-------+---------
         Total |       0 |  107953 |   0.0 |       0 |     683 |   0.0 | 19612
               +---------+---------+-------+---------+---------+-------+---------
           D:1 |       0 |      34 |   0.0 |       0 |      19 |   0.0 |   581
           D:2 |       0 |     119 |   0.0 |       0 |      27 |   0.0 |   960
           D:3 |       0 |      59 |   0.0 |       0 |      18 |   0.0 |   799
           D:4 |       0 |     748 |   0.0 |       0 |      21 |   0.0 |   718
           D:5 |       0 |    1230 |   0.0 |       0 |      29 |   0.0 |   920
           D:6 |       0 |    1534 |   0.0 |       0 |      30 |   0.0 |  1261
           D:7 |       0 |    2015 |   0.0 |       0 |      41 |   0.0 |  1025
           D:8 |       0 |    1661 |   0.0 |       0 |      26 |   0.0 |  1180
           D:9 |       0 |    4736 |   0.0 |       0 |      34 |   0.0 |   921
          D:10 |       0 |    8713 |   0.0 |       0 |      80 |   0.0 |  1469
          D:11 |       0 |    1917 |   0.0 |       0 |       5 |   0.0 |   129
          D:12 |       0 |     235 |   0.0 |       0 |       1 |   0.0 |    81
        Lair:1 |       0 |    6715 |   0.0 |       0 |      37 |   0.0 |  1151
        Lair:2 |       0 |    2268 |   0.0 |       0 |      11 |   0.0 |   521
        Lair:3 |       0 |    9300 |   0.0 |       0 |      55 |   0.0 |  1072
        Lair:4 |       0 |    6638 |   0.0 |       0 |      26 |   0.0 |   823
        Lair:5 |       0 |    7606 |   0.0 |       0 |      20 |   0.0 |   776
        Lair:6 |       0 |   19791 |   0.0 |       0 |      55 |   0.0 |  1659
      Shoals:1 |       0 |   12378 |   0.0 |       0 |      28 |   0.0 |   488
         Orc:1 |       0 |    8771 |   0.0 |       0 |      57 |   0.0 |  1136
         Orc:2 |       0 |   11485 |   0.0 |       0 |      63 |   0.0 |  1703
               +---------+---------+-------+---------+---------+-------+---------
